 Dungeon Crawl Stone Soup version 0.30-a0-739-gea05faddec (webtiles) character file.

Game seed: 3855230457020139315

1084 avis the Shooter (level 7, -2/58 HPs)
             Began as a Demigod Hunter on Feb 4, 2023.
             Slain by Maggie
             ... wielding a +2 morningstar of flaming
              (5 damage)
             ... on level 6 of the Dungeon.
             The game lasted 00:29:20 (4523 turns).

avis the Shooter (Demigod Hunter)                   Turns: 4523, Time: 00:29:21

Health: -2/58      AC:  8    Str: 18    XL:     7   Next: 82%
Magic:  9/9        EV: 16    Int: 11    God:
Gold:   81         SH:  0    Dex: 25    Spells: 6/6 levels left

rFire   . . .      SeeInvis .    h - +0 hand axe (elec)
rCold   . . .      Faith    .    (no shield)
rNeg    . . .      Spirit   .    N - +2 leather armour {Will+}
rPois   .          Reflect  .    o - +0 helmet
rElec   .          Harm     .    H - +0 cloak
rCorr   .          Rampage  .    K - +0 pair of gloves
Will    ++...                    (no boots)
Stlth   +++                      (no amulet)
HPRegen 0.29/turn                B - +6 ring of strength
MPRegen 0.11/turn                R - ring of willpower

@: hasted, very quick
A: high MP 1, forlorn, divine attributes
a: no special abilities


You were on level 6 of the Dungeon.
You visited 1 branch of the dungeon, and saw 7 of its levels.

You collected 309 gold pieces.
You spent 228 gold pieces at shops.

Inventory:

Hand Weapons
 a - a +0 shortbow
 b - a +3 hand axe of flaming
 f - a +0 rapier
 h - a +0 hand axe of electrocution (weapon)
 x - the +3 dagger of the People {antimagic, *Rage rPois rF+++ Stlth-}
   (You found it on level 3 of the Dungeon)

   rF:        It renders you almost immune to fire.
   rPois:     It protects you from poison.
   *Rage:     It berserks you when you make melee attacks (+20% chance).
   Stlth:     It makes you less stealthy.
 I - a +2 vampiric dagger
Missiles
 j - 5 javelins
 m - 16 poisoned darts (quivered)
 A - 3 atropa-tipped darts
 G - 4 boomerangs
Armour
 c - a +0 leather armour
 n - a +0 ring mail of cold resistance
 o - a +0 helmet (worn)
 F - a +0 scale mail of willpower
 H - a +0 cloak (worn)
 K - a +0 pair of gloves (worn)
 N - a +2 leather armour of willpower (worn)
 O - the +0 leather armour "Tetoq" {rPois Int+3}
   (You found it on level 6 of the Dungeon)

   Int:       It affects your intelligence (+3).
   rPois:     It protects you from poison.
Magical Staves
 y - a staff of air
 S - a staff of air
Jewellery
 B - a +6 ring of strength (left hand)
 R - a ring of willpower (right hand)
Wands
 E - a wand of polymorph (8)
Scrolls
 g - 3 scrolls of immolation
 k - 4 scrolls of blinking {unknown}
 p - a scroll of vulnerability {unknown}
 q - a scroll of magic mapping {unknown}
 r - a scroll of butterflies {unknown}
 s - 2 scrolls of enchant armour {unknown}
 C - a scroll of fear {unknown}
 D - a scroll of acquirement {unknown}
 L - a scroll of teleportation {unknown}
 M - a scroll of brand weapon {unknown}
Potions
 e - 2 potions of haste
 i - 2 potions of lignification
 l - 2 potions of ambrosia
 t - 4 potions of degeneration
 u - a potion of curing
 v - 3 potions of mutation
 w - a potion of attraction
 z - 2 potions of might
 J - a potion of brilliance
 P - a potion of magic {unknown}
 Q - a potion of flight {unknown}


   Skills:
 * Level 3.8 Fighting
 - Level 6.0 Ranged Weapons
 - Level 6.0 Dodging
 - Level 3.0 Stealth


You had 6 spell levels left.
You didn't know any spells.
Your spell library contained the following spells:

 Spells                   Type           Power      Damage    Failure   Level
 Foxfire                  Conj/Fire      0%         2x1d4     38%         1
 Magic Dart               Conj           0%         1d3       38%         1
 Call Imp                 Summ           0%         N/A       54%         2
 Cigotuvi's Dreadful Rot  Necr/Pois/Air  0%         N/A       54%         2
 Poisonous Vapours        Pois/Air       0%         N/A       54%         2
 Ignite Poison            Fire/Tmut/Pois 0%         N/A       77%         3
 Mephitic Cloud           Conj/Pois/Air  0%         N/A       77%         3
 Spider Form              Tmut/Pois      0%         N/A       77%         3
 Fulminant Prism          Conj/Hex       0%         3d5       99%         4


Dungeon Overview and Level Annotations

Branches:
Dungeon (7/15)
 Temple: D:4-7

Shops:
D:3 [   D:6 =

Annotations:
D:6 Maggie


Innate Abilities, Weirdness & Mutations

You have an increased reservoir of magic. (+10% MP)
You shall have no god before yourself.
Your divine heritage dramatically boosts your attributes as you level up.


Message History

Maggie casts a spell.
Maggie attempts to bespell you! You resist with almost no effort.
You hit Maggie but do no damage.
Maggie is lightly wounded.
Maggie closely misses you.
You closely miss Maggie.
Maggie is lightly wounded.
Maggie hits you with a +2 morningstar of flaming!
Maggie burns you.
You slash Maggie! You burn Maggie.
Maggie is heavily wounded.
Maggie gestures at you while chanting. The bolt of fire hits you!
* * * LOW HITPOINT WARNING * * *
You feel better.
You hit Maggie. You burn Maggie.
Maggie is heavily wounded.
Maggie closely misses you.
Your +3 hand axe of flaming stops flaming.
You hear the crackle of electricity.
h - a +0 hand axe of electrocution (weapon)
You closely miss Maggie.
Maggie is heavily wounded.
Maggie points at you and mumbles some strange words.
The bolt of fire hits you!!
* * * LOW HITPOINT WARNING * * *
You feel better. Maggie completely misses you.
You hit Maggie. Lightning courses through Maggie!
Maggie is almost dead.
Maggie completely misses you.
You hit Maggie but do no damage.
Maggie is almost dead.
Maggie misses you.
You feel better.
You hit Maggie.
Maggie is almost dead.
Maggie hits you with a +2 morningstar of flaming!
* * * LOW HITPOINT WARNING * * *
Maggie burns you.
You die...

.# ......#...#. # #.#
#.# #..#####... #. ..
#.# #........## #.##.
#.# #.#########
#....##.# #.#.....###
#.......####.#.###.#..
..#.......+......###....
..........#####....###.#
#...@......#..#......
###..@#######...#..#.#.
.......#.÷...#..##..#.##
.......#.>.∩.#..........
.$...#.#.....#.#####.###
.......#######....##.#
....... .###.##. ####...
# # ###


You could see Maggie.

Vanquished Creatures
  A wyvern (D:5)
  An ogre (D:5)
  A centaur (D:6)
  A necrophage (D:4)
  2 scorpions (D:5)
  2 jellies (D:5)
  2 orc priests (D:5)
  5 iguanas
  4 orc wizards
  8 gnolls
  7 adders
  A shadow imp (D:7)
  An ufetubus (D:5)
  2 worms (D:2)
  3 dart slugs
  19 orcs
  9 ball pythons
  2 endoplasms
  3 giant cockroaches
  4 goblins
  5 hobgoblins
  3 kobolds
  4 bats
  A frilled lizard (D:2)
  5 rats
96 creatures vanquished.

Notes
Turn   | Place    | Note
-------+----------+-------------------------------------------
     0 | D:1      | avis the Demigod Hunter began the quest for the Orb.
     0 | D:1      | Reached XP level 1. HP: 17/17 MP: 3/3
   213 | D:1      | Reached XP level 2. HP: 18/24 MP: 4/4
   341 | D:1      | Reached skill level 1 in Stealth
  1101 | D:2      | Reached XP level 3. HP: 11/29 MP: 5/5
  1880 | D:3      | Reached XP level 4. HP: 16/36 MP: 6/6
  1998 | D:3      | Identified the +3 dagger of the People {antimagic, *Rage
                  | rPois rF+++ Stlth-}
  2041 | D:3      | Got Sif Muna's Octavo of Conjuration and Contamination
  2407 | D:3      | Found Nouth's Armour Shop.
  2533 | D:4      | Noticed a necrophage
  2542 | D:4      | Killed a necrophage
  2543 | D:4      | Reached skill level 5 in Ranged Weapons
  2543 | D:4      | Reached XP level 5. HP: 44/45 MP: 7/7
  2979 | D:5      | Entered Level 5 of the Dungeon
  3011 | D:5      | Noticed an ogre
  3032 | D:5      | Killed an ogre
  3033 | D:5      | Reached XP level 6. HP: 34/51 MP: 8/8
  3328 | D:5      | Noticed a wyvern
  3339 | D:5      | Reached XP level 7. HP: 54/57 MP: 9/9
  3368 | D:5      | Killed a wyvern
  3369 | D:5      | Reached skill level 5 in Dodging
  3974 | D:3      | Bought a +2 leather armour of willpower for 228 gold pieces
  4092 | D:6      | Identified the +0 leather armour "Tetoq" {rPois Int+3}
  4181 | D:6      | Found Ymytogra's Jewellery Shop.
  4485 | D:6      | Noticed Maggie
  4523 | D:6      | Slain by Maggie

Illustrated notes

Levels and vault maps discovered:
D:1:      nagdon_arrival_double_spiral, layout_basic
D:2:      layout_rooms, serial_corexii_hall, chequers_hall_statues_corner_a,
          chequers_hall_statues_wall_a, corexii_hall_statues_i,
          corexii_hall_statues_i, corexii_hall_statues_t,
          corexii_hall_statues_x, chequers_ecumenical_altar_simple,
          minmay_heptomino_o4
D:3:      layout_rooms, serial_shops, shop, kennysheep_generic_room_3
D:4:      layout_rooms, kennysheep_mini
D:5:      minmay_chambers_of_fours, layout_rooms, mainiacjoe_overflow_chevrons
D:6:      layout_basic, minmay_temple_entry_sparse_star, serial_shops,
          nicolae_take_the_stairs, kb_lookout_dungeons_type,
          kennysheep_generic_room_14, uniq_maggie
D:7:      layout_loops_ring, nemelex_dance_club_becter,
          mainiacjoe_overflow_24_doors, uniq_joseph

Skill      XL: |  1  2  3  4  5  6  7 |
---------------+----------------------+-----
Fighting       | 2 3 |  3.8
Ranged Weapons | 4 5 6 |  6.0
Dodging        | 2 3 4 6 |  6.0
Stealth        | 1 2 3 |  3.0

Action                     |  1- 3 |  4- 6 |  7- 9 || total
---------------------------+-------+-------+-------++-------
  Melee: Hand axe          |    15 |    14 |    18 ||    47
   Fire: Shortbow          |    95 |   124 |    67 ||   286
  Throw: Dart              |       |     4 |       ||     4
    Use: Scroll            |       |       |     9 ||     9
         Potion            |       |       |     4 ||     4
   Stab: Invisible         |       |     1 |       ||     1
 Armour: Leather armour    |     7 |     5 |     7 ||    19
  Dodge: Dodged            |    30 |    28 |    34 ||    92

Table legend: (Time is in decaauts)
 A = Elapsed time spent in this place.
 B = Non-inter-level travel time spent in this place.
 C = Inter-level travel time spent in this place.
 D = Time resting spent in this place.
 E = Time spent auto-exploring this place.
 F = Levels seen in this place.
 G = Mean time per level.
                   A        B        C        D        E       F      G
               +--------+--------+--------+--------+--------+-----+--------+
         Total |   4603 |   4008 |    595 |    631 |   1994 |   7 |  657.6 |
       Dungeon |   4603 |   4008 |    595 |    631 |   1994 |   7 |  657.6 |
               +--------+--------+--------+--------+--------+-----+--------+

Top non-repeatable levels by time:
     D:5: 1092 daAuts
     D:1: 1003 daAuts
     D:2: 992 daAuts
     D:3: 667 daAuts
     D:4: 471 daAuts
     D:6: 271 daAuts
     D:7: 105 daAuts
